 Dungeon Crawl Stone Soup version 0.27.1-37-g7b29ead8ac (webtiles) character file.

Game seed: 15938955061816731438

263 cbfl8 the Chopper (level 5, -13/45 HPs)
             Began as a Minotaur Gladiator on June 2, 2023.
             Mangled by an ogre (28 damage)
             ... on level 4 of the Dungeon.
             The game lasted 00:02:41 (2703 turns).

cbfl8 the Chopper (Minotaur Gladiator)              Turns: 2703, Time: 00:02:42

Health: -13/45     AC:  6    Str: 19    XL:     5   Next: 97%
Magic:  4/4        EV:  8    Int:  5    God:
Gold:   95         SH:  7    Dex: 12    Spells: 4/4 levels left

rFire    . . .     SeeInvis .   a - +0 war axe
rCold    . . .     Faith    .   n - +0 kite shield
rNeg     . . .     Spirit   .   o - +0 scale mail
rPois    .         Reflect  .   c - +0 hat
rElec    .         Harm     .   (no cloak)
rCorr    .         Rampage  .   (no gloves)
Will     .....                  (no boots)
Stlth    ..........             (no amulet)
HPRegen  0.15/turn              (no ring)
MPRegen  0.09/turn              (no ring)

@: no status effects
A: horns 2, retaliatory headbutt
a: no special abilities


You were on level 4 of the Dungeon.
You visited 2 branches of the dungeon, and saw 5 of its levels.
You also visited: Sewer.

You collected 95 gold pieces.

Inventory:

Hand Weapons
 a - a +0 war axe (weapon)
Missiles
 d - 3 throwing nets (quivered)
Armour
 c - a +0 hat (worn)
 n - a +0 kite shield (worn)
 o - a +0 scale mail (worn)
Wands
 b - a wand of digging (5)
Scrolls
 f - 3 scrolls of noise
 h - a scroll of magic mapping
 j - a scroll of immolation {unknown}
 k - 2 scrolls of teleportation {unknown}
 l - a scroll of vulnerability {unknown}
 m - a scroll of enchant armour {unknown}
Potions
 e - a potion of magic {unknown}
 g - a potion of ambrosia {unknown}
 i - a potion of haste {unknown}
 p - 4 potions of flight
 q - a potion of heal wounds
 r - a potion of curing


   Skills:
 + Level 3.3 Fighting
 + Level 5.6 Axes
 + Level 2.1 Throwing
 + Level 2.7 Armour
 + Level 3.6 Dodging
 + Level 0.2 Stealth
 + Level 0.6 Shields
 * Level 2.4 Evocations


You had 4 spell levels left.
You didn't know any spells.
Your spell library contained the following spells:

 Spells                   Type           Power      Damage    Failure   Level
 Freeze                   Ice            0%         1d3       100%        1
 Frozen Ramparts          Ice            0%         1d2       100%        3
 Hailstorm                Conj/Ice       0%         3d3       100%        4
 Summon Ice Beast         Ice/Summ       0%         N/A       100%        4
 Summon Mana Viper        Hex/Summ       0%         N/A       100%        5
 Monstrous Menagerie      Summ           0%         N/A       100%        7


Dungeon Overview and Level Annotations

Branches:
Dungeon (4/15)             Temple (1/1) D:4           Sewer (visited)

Altars:
Cheibriados
Elyvilon
Fedhas
Gozag
Kikubaaqudgha
Makhleb
Nemelex Xobeh
Okawaru
Sif Muna
Trog
Uskayaw
Vehumet
Wu Jian
Xom
Zin
The Shining One

Shops:
D:1 *


Innate Abilities, Weirdness & Mutations

You have a pair of horns on your head.
You reflexively headbutt those who attack you in melee.


Message History

The goblin closely misses you.
There are monsters nearby!
You slash the goblin!
You kill the goblin!
A hobgoblin is nearby!
The hobgoblin closely misses you.
Things that are here:
a +0 club; a goblin corpse A hobgoblin is nearby!
You hit the hobgoblin.
The hobgoblin is severely wounded.
The hobgoblin hits you but does no damage.
The hobgoblin hits you.
A hobgoblin is nearby!
You slash the hobgoblin!
You kill the hobgoblin!
HP restored.
You open the door.
Key pressed, stopping explore.
No target in view!
There is a fountain of clear blue water here.
There is a fountain of clear blue water here.
Key pressed, stopping explore.
No target in view!
An ogre comes into view. It is wielding a +0 giant club.
The ogre shouts!
An ogre is nearby!
An ogre is nearby!
The ogre hits you with a +0 giant club!!
Ouch! That really hurt!
An ogre is nearby!
You are too injured to fight recklessly!
An ogre is nearby!
You are too injured to fight recklessly!
You are too injured to fight recklessly!
You slash the ogre! Your headbutt misses the ogre.
The ogre is moderately wounded.
The ogre hits you with a +0 giant club!!
Ouch! That really hurt!
You die...

..........#.⌠.#.......†...#
..#.###...#...#...........#
. #. #..................(#
## ####.#######........#
#.#####.## #........#
.........# #........#
.........# #........#
.........# .......@.#
.......O.# .........#
.........# .........#
.........# ####.##.## #.
#.#


You could see an ogre.

Vanquished Creatures
  A kobold brigand (Sewer)
  Ijyb (D:3)
  An orc wizard (D:2)
  A hound skeleton (D:4)
  3 adders
  A worm (D:3)
  2 dart slugs
  2 orcs (D:2)
  6 ball pythons
  6 endoplasms
  7 giant cockroaches
  11 goblins
  7 hobgoblins
  8 jackals
  4 quokkas
  2 bats
  5 frilled lizards
  7 kobolds
  11 rats
86 creatures vanquished.

Notes
Turn   | Place    | Note
-------+----------+-------------------------------------------
     0 | D:1      | cbfl8 the Minotaur Gladiator began the quest for the Orb.
     0 | D:1      | Reached XP level 1. HP: 18/18 MP: 0/0
   228 | D:1      | Reached skill level 4 in Axes
   228 | D:1      | Reached XP level 2. HP: 25/25 MP: 1/1
   303 | D:1      | Found Suqedwenwu's General Store.
   685 | D:1      | Reached XP level 3. HP: 30/30 MP: 2/2
   829 | D:2      | Reached skill level 1 in Evocations
  1258 | D:2      | Found a faded altar of an unknown god.
  1303 | D:2      | Reached skill level 1 in Armour
  1309 | D:2      | Reached XP level 4. HP: 36/37 MP: 3/3
  1810 | D:3      | Found a radiant altar of Vehumet.
  1885 | D:3      | Noticed Ijyb
  1894 | D:3      | Killed Ijyb
  1895 | D:3      | Reached skill level 5 in Axes
  1895 | D:3      | Reached XP level 5. HP: 36/45 MP: 4/4
  1972 | D:3      | Found a glowing drain.
  1981 | Sewer    | Entered a sewer
  2197 | Sewer    | Found a white marble altar of Elyvilon.
  2423 | D:4      | Found a staircase to the Ecumenical Temple.
  2439 | Temple   | Entered the Ecumenical Temple
  2699 | D:4      | Noticed an ogre
  2703 | D:4      | Mangled by an ogre

Illustrated notes

Levels and vault maps discovered:
D:1:      dpeg_arrival_pits, layout_loops_ring, serial_shops,
          nicolae_square_shop, minivault_25
D:2:      layout_rooms, ebering_ecumenical_altar_petrified, minmay_heptomino_h4
D:3:      layout_rooms, nicolae_vehumet_radiance, gup_sewer_entry_bubbles,
          uniq_ijyb
D:4:      layout_basic, grunt_qazlal_clouds, nzn_hepliaklqana_mist_gate,
          nicolae_dithmenos_shadow_blocks, minmay_temple_entry_junction_2
Temple:   regret_index_temple_generic_petals

Skill      XL: |  1  2  3  4 |
---------------+-------------+-----
Axes           | 4 5 |  5.6
Evocations     | 1 2 |  2.4
Armour         | 1 2 |  2.7
Fighting       | 3 |  3.3
Throwing       | |  2.1
Dodging        | |  3.6
Stealth        | |  0.2
Shields        | |  0.6

Action                   |  1- 3 |  4- 6 || total
-------------------------+-------+-------++-------
Melee: War axe           |    79 |    94 ||   173
       Headbutt          |    11 |    15 ||    26
  Use: Scroll            |     2 |     2 ||     4
Armor: Leather armour    |    21 |     7 ||    28
       Scale mail        |       |    27 ||    27
Dodge: Dodged            |    51 |    38 ||    89
Block: Kite shield       |       |    27 ||    27
